Map: Artillería pesada EE

Players

MrFercho - Winner!

  • Race: Zerg Zerg
  • Spawn Location: 7:00

TATORREA - Winner!

  • Race: Protoss Protoss
  • League: Silver
  • Spawn Location: 7:00

DEMBOWLORD

  • Race: Protoss Protoss
  • Spawn Location: 1:00

Stamp

  • Race: Terran Terran
  • Spawn Location: 3:00

VOD

Have the link to the VOD?

Description

Time

  • Played on: June 9, 2020, 7:45 p.m.
  • Length: 13:51
Show
View Real Time Build Order
Export as new Build Order

MrFercho Zerg - Winner!

Build Orders: Hatch First 

Get SALT Encoding   

  12  0:01  Drone  
  13  0:13  Overlord  
  13  0:17  Drone  
  14  0:31  Drone x2  
  16  0:40  Drone  
  17  0:57  Hatchery  
  16  0:58  Drone  
  17  1:08  Drone x2  
  19  1:20  Spawning Pool  
  19  1:22  Drone  
  19  1:33  Drone  
  20  1:40  Extractor  
  20  1:41  Drone  
  20  1:54  Drone  
  21  2:20  Drone x4  
  25  2:28  Queen  
  27  2:30  Overlord x2  
  28  2:37  Drone  
  28  2:48  Queen  
  28  2:49  Drone x2  
  32  2:51  Drone  
  33  3:00  Drone  
  34  3:08  Drone  
  34  3:09  Drone  
  36  3:21  Drone  
  36  3:22  Drone  
  36  3:26  Extractor  
  37  3:29  Extractor  
  36  3:34  Overlord x2  
  36  3:52  Drone  
  36  3:53  Drone x5  
  42  4:03  Roach Warren  
  42  4:08  Drone x5  
  46  4:36  Lair  
  46  4:39  Hatchery  
  46  4:41  Queen  
  46  4:43  Extractor  
  46  4:44  Extractor  
  45  4:46  Roach x3  
  45  4:47  Overlord  
  45  4:48  Overlord x2  
  51  5:03  Drone  
  52  5:10  Roach x4  
  52  5:11  Roach  
  62  5:27  Drone x3  
  62  5:28  Extractor  
  64  5:43  Glial Reconstitution  
  64  5:53  Hydralisk Den  
  64  5:56  Evolution Chamber  
  62  5:58  Evolution Chamber  
  61  6:09  Drone x5  
  61  6:10  Drone x3  
  69  6:12  Queen  
  71  6:27  Drone x4  
  71  6:29  Grooved Spines  
  75  6:33  Zerg Ground Armor Level 1, Zerg Missile Weapons Level 1  
  75  6:36  Hydralisk x3  
  81  6:42  Drone  
  82  6:48  Overlord x3  
  82  6:49  Overlord x2  
  82  7:17  Ravager  
  83  7:32  Drone  
  83  7:33  Drone x5  
  83  7:34  Drone x13  
  102  7:40  Muscular Augments  
  102  7:47  Hatchery  
  101  8:09  Hydralisk  
  101  8:10  Hydralisk x8  
  119  8:20  Infestation Pit  
  118  8:28  Extractor  
  118  8:30  Extractor  
  118  8:31  Zerg Missile Weapons Level 2, Zerg Ground Armor Level 2  
  116  8:38  Drone x6  
  122  8:41  Overlord x3  
  122  8:42  Overlord  
  122  8:58  Hydralisk x3  
  122  8:59  Hydralisk x3  
  134  9:28  Drone x2  
  134  9:29  Drone x6  
  142  9:40  Hive  
  142  9:50  Spire  
  141  9:58  Drone x4  
  141  9:59  Drone  
  146  10:25  Hatchery  
  145  10:31  Hatchery  
  144  10:38  Hatchery  
  143  10:51  Overlord x2  
  143  10:52  Overlord x4  
  143  11:01  Hydralisk x8  
  159  11:19  Hydralisk x6  
  159  11:20  Hydralisk x5  
  181  11:56  Hydralisk  
  181  11:57  Hydralisk x8  
  197  12:27  Pneumatized Carapace  
  195  12:30  Hydralisk x3  
  195  12:32  Hydralisk  
  199  12:46  Hydralisk x2  
  199  12:47  Hydralisk  
  199  12:48  Hydralisk x2  
  199  12:49  Hydralisk x3  
  199  12:50  Hydralisk x3  
  199  12:51  Hydralisk  
  189  13:13  Hydralisk  
  189  13:14  Hydralisk x4  
  195  13:20  Hydralisk x2  
  195  13:22  Hydralisk  
Show
View Real Time Build Order
Export as new Build Order

TATORREA Protoss - Winner!

Build Orders:  

Get SALT Encoding   

  12  0:06  Probe  
  13  0:27  Probe  
  13  0:31  Pylon  
  13  0:35  Probe  
  15  0:46  Probe  
  16  0:58  Gateway  
  16  1:01  Gateway, Probe  
  17  1:13  Probe  
  17  1:15  Assimilator  
  18  1:26  Probe  
  19  1:54  Nexus  
  19  1:58  Cybernetics Core  
  19  1:59  Probe  
  20  2:02  Pylon  
  20  2:05  Assimilator  
  20  2:11  Probe  
  21  2:16  Zealot  
  21  2:20  Zealot  
  25  2:23  Probe  
  25  2:28  Warp Gate  
  26  2:47  Pylon  
  26  2:50  Pylon  
  26  2:51  Probe  
  26  2:55  Stalker  
  26  2:56  Stalker  
  32  3:05  Probe  
  32  3:08  Probe  
  33  3:20  Zealot  
  33  3:22  Zealot  
  33  3:23  Probe  
  33  3:25  Probe  
  39  3:37  Probe x2  
  41  3:49  Probe x2  
  41  3:50  Stalker  
  41  3:52  Stalker  
  47  4:01  Probe  
  47  4:02  Assimilator, Probe  
  49  4:13  Probe  
  49  4:14  Probe  
  51  4:25  Probe  
  51  4:26  Probe  
  53  4:35  Pylon  
  53  4:41  Probe x2  
  53  4:42  Twilight Council  
  53  4:44  Robotics Facility  
  55  4:46  Stargate  
  55  4:47  Stargate  
  55  4:53  Probe x2  
  55  4:55  Assimilator  
  57  5:00  Gateway  
  57  5:02  Gateway  
  57  5:05  Probe x2  
  59  5:10  Stalker  
  59  5:12  Stalker  
  63  5:18  Probe x2  
  65  5:38  Charge  
  65  5:39  Warp Prism  
  67  5:45  Phoenix  
  69  5:56  Pylon  
  69  5:59  Pylon  
  69  6:04  Pylon  
  69  6:14  Phoenix  
  69  6:15  Sentry  
  69  6:16  Sentry x2  
  77  6:20  Zealot  
  77  6:24  Phoenix  
  81  6:44  Forge  
  81  6:46  Forge  
  81  6:47  Forge  
  81  6:51  Cybernetics Core  
  81  7:13  Gateway  
  81  7:14  Gateway  
  81  7:16  Gateway, Nexus  
  81  7:17  Immortal  
  81  7:19  Gateway  
  81  7:20  Gateway  
  81  7:22  Void Ray  
  89  7:27  Void Ray  
  93  7:39  Probe  
  94  8:07  Protoss Ground Weapons Level 1  
  94  8:11  Pylon  
  94  8:12  Protoss Ground Armor Level 1  
  94  8:14  Pylon, Protoss Shields Level 1  
  94  8:17  Pylon  
  94  8:20  Pylon  
  94  8:23  Pylon  
  94  8:24  Blink  
  94  8:27  Protoss Air Weapons Level 1, Immortal, Probe  
  94  8:28  Pylon  
  94  8:31  Pylon  
  94  8:32  Probe x2  
  101  8:39  Probe  
  102  8:44  Probe x2  
  102  8:47  Assimilator  
  104  8:51  Assimilator, Probe  
  105  8:56  Probe x2  
  105  9:01  Protoss Air Armor Level 1  
  107  9:03  Probe  
  107  9:08  Probe x2  
  107  9:09  Fleet Beacon  
  110  9:17  Robotics Bay  
  110  9:18  Pylon  
  110  9:24  Pylon  
  110  9:48  Stalker  
  110  9:50  Zealot x2  
  110  9:51  Zealot  
  110  9:52  Zealot x4  
  126  9:53  Zealot  
  126  9:56  Void Ray  
  126  9:58  Anion Pulse-Crystals  
  132  10:03  Void Ray  
  136  10:08  Protoss Ground Weapons Level 2  
  136  10:10  Protoss Ground Armor Level 2, Nexus  
  136  10:15  Protoss Shields Level 2  
  136  10:20  Protoss Air Weapons Level 2  
  136  10:32  Extended Thermal Lance  
  134  10:49  Pylon  
  134  10:52  Unknown  
  134  10:54  Pylon  
  134  10:56  Pylon  
  134  10:57  Colossus  
  134  11:01  Pylon  
  140  11:08  Pylon  
  140  11:11  Pylon  
  140  11:32  Protoss Air Armor Level 2  
  140  11:39  Zealot x3  
  146  11:40  Zealot x5  
  146  11:41  Zealot  
  146  11:46  Carrier  
  170  11:47  Carrier  
  76  12:40  Photon Cannon  
  76  12:42  Photon Cannon  
  76  12:44  Photon Cannon  
  76  12:47  Photon Cannon  
  76  12:48  Stalker  
  76  12:49  Stalker x3, Photon Cannon  
  76  12:50  Stalker x3  
  76  12:51  Stalker x2, Photon Cannon  
  94  12:53  Photon Cannon  
  94  12:55  Photon Cannon  
  94  12:57  Photon Cannon  
  106  13:25  Assimilator  
  106  13:34  Assimilator  
Show
View Real Time Build Order
Export as new Build Order

DEMBOWLORD Protoss 

Build Orders: Nexus First 

Get SALT Encoding   

  12  0:39  Nexus  
  12  0:41  Probe  
  13  0:58  Pylon  
  13  1:08  Pylon  
  13  1:26  Gateway  
  13  1:28  Forge  
  13  1:29  Probe  
  13  1:37  Probe  
  14  1:43  Assimilator  
  15  2:02  Pylon  
  15  2:11  Probe  
  15  2:12  Assimilator  
  16  2:19  Probe  
  16  2:24  Cybernetics Core  
  17  2:39  Pylon  
  17  2:52  Pylon  
  17  3:01  Photon Cannon  
  17  3:06  Stalker  
  19  3:20  Photon Cannon  
  19  3:25  Probe  
  20  3:33  Probe  
  20  3:36  Stalker  
  23  3:41  Probe  
  24  3:53  Probe  
  25  3:59  Photon Cannon  
  25  4:03  Photon Cannon  
  25  4:05  Probe  
  26  4:10  Photon Cannon  
  26  4:14  Probe  
  26  4:22  Probe  
  27  4:28  Assimilator  
  28  4:31  Probe  
  28  4:32  Protoss Shields Level 1  
  29  4:39  Protoss Air Weapons Level 1  
  29  4:44  Probe  
  30  4:54  Photon Cannon  
  30  4:56  Probe  
  31  5:00  Pylon  
  31  5:08  Stalker  
  31  5:10  Assimilator  
  33  5:34  Stalker  
  33  5:37  Pylon  
  33  5:41  Pylon  
  35  5:48  Pylon  
  35  5:57  Probe  
  36  6:05  Probe  
  36  6:09  Photon Cannon  
  36  6:11  Photon Cannon  
  37  6:14  Photon Cannon  
  37  6:15  Probe  
  37  6:17  Photon Cannon  
  38  6:22  Photon Cannon  
  38  6:27  Probe  
  39  6:39  Pylon, Probe  
  40  6:44  Protoss Air Armor Level 1  
  40  6:51  Probe  
  41  7:03  Probe, Stargate  
  42  7:08  Stargate  
  42  7:12  Stargate  
  42  7:15  Stargate  
  42  7:32  Pylon  
  42  7:40  Cybernetics Core  
  42  7:50  Nexus  
  42  8:05  Pylon  
  42  8:13  Pylon  
  42  8:20  Void Ray  
  42  8:21  Void Ray  
  42  8:22  Void Ray  
  42  8:25  Void Ray  
  58  8:51  Assimilator x2  
  58  8:54  Photon Cannon  
  58  8:55  Photon Cannon  
  58  9:00  Photon Cannon  
  58  9:07  Photon Cannon  
  58  9:11  Photon Cannon  
  58  9:13  Probe  
  59  9:21  Probe  
  59  9:30  Probe  
  61  9:42  Void Ray x2, Probe  
  70  9:53  Photon Cannon  
  70  10:01  Photon Cannon  
  70  10:14  Pylon  
  70  10:30  Void Ray x2, Fleet Beacon  
  78  10:37  Probe  
  79  10:45  Probe  
  80  10:54  Probe  
  80  10:57  Photon Cannon  
  80  11:02  Photon Cannon  
  81  11:06  Probe  
  82  11:18  Probe  
  83  11:22  Void Ray x2  
  91  11:37  Unknown  
  91  11:41  Void Ray x2  
  54  12:23  Void Ray x2  
  47  12:49  Void Ray x2  
Show
View Real Time Build Order
Export as new Build Order

Stamp Terran 

Build Orders:  

Get SALT Encoding   

  12  0:08  SCV  
  13  0:26  Supply Depot  
  13  0:31  SCV  
  14  0:43  SCV  
  15  0:50  Engineering Bay  
  15  0:52  Supply Depot  
  15  0:58  SCV  
  15  0:59  Refinery  
  16  1:17  Barracks  
  16  1:29  Barracks, SCV  
  17  2:10  Marine  
  18  2:24  Sensor Tower, Orbital Command  
  18  2:31  Marine  
  18  2:33  Marine  
  20  2:42  Barracks  
  20  3:15  Marine x2  
  22  3:32  Marine  
  22  3:33  Marine  
  24  3:50  Marine x2  
  26  4:00  Command Center  
  26  4:03  Barracks Tech Lab  
  26  4:08  Factory  
  26  4:09  SCV  
  27  4:13  Barracks Reactor  
  27  4:14  Barracks Reactor  
  27  4:27  Missile Turret  
  27  4:35  Terran Infantry Weapons Level 1  
  27  4:50  Missile Turret  
  27  4:53  Marine x2  
  27  4:54  Marine x2  
  31  5:05  Factory Tech Lab  
  31  5:06  Starport  
  31  5:11  Marine x2  
  33  5:28  Supply Depot  
  33  5:29  Marine x2  
  33  5:31  Marine x2  
  37  5:38  Combat Shield  
  37  5:43  Missile Turret  
  37  5:51  Supply Depot, Refinery  
  37  6:02  Starport Reactor  
  37  6:15  Missile Turret  
  37  6:20  Marine  
  37  6:21  Marine x3  
  41  6:51  Marine  
  41  6:52  Marine x3  
  45  6:58  Siege Tank  
  48  7:09  Marine x2  
  48  7:12  SCV  
  51  7:24  SCV  
  52  7:37  SCV  
  53  7:43  Medivac x2  
  57  7:49  SCV  
  58  7:59  Missile Turret  
  58  8:01  SCV  
  59  8:13  SCV  
  59  8:19  Marine x2, Missile Turret  
  60  8:26  Supply Depot  
  62  8:40  Supply Depot  
  62  8:47  Marine x4  
  66  8:54  Supply Depot  
  66  8:57  Orbital Command  
  66  9:02  Supply Depot  
  66  9:16  Stimpack  
  66  10:01  Sensor Tower  
  66  10:09  Marine  
  66  10:10  Marine x3  
  70  10:14  Viking x2  
  74  10:27  Marine x2  
  76  10:44  Viking x2  
  80  10:58  Marine x2  
  80  10:59  Marine x2  
  84  11:44  Marine x4  
  84  11:46  Viking x2  
  92  12:01  Marine  
  92  12:02  Marine  
  94  12:09  Marine  
  94  12:12  Marine  
  89  12:16  Viking x2  
  32  13:02  Marine x4  
  25  13:20  Marine x4  
Tags
 
Add a new tag
Caveats
  • Supply blocks, unpowered buildings, or Contaminate may cause inaccurate times.
  • Supply counts are checked every 10 seconds.